 Dungeon Sprint DCSS version 0.17-a0-1939-ga475588 (webtiles) character file.

121 ololoev the Firebug (level 4, 0/24 HPs)
             Began as a Deep Elf Fire Elementalist on Sept 29, 2015.
             Slain by a polar bear (20 damage)
             ... in the Dungeon (Sprint II: "The Violet Keep of Menkaure").
             The game lasted 00:02:51 (717 turns).

ololoev the Firebug (Deep Elf Fire Elementalist)     Turns: 717, Time: 00:02:51

Health: 0/24       AC:  2    Str:  5    XL:     4   Next: 77%
Magic:  0/14       EV: 13    Int: 21    God:
Gold:   243        SH:  0    Dex: 15    Spells: 3 memorised, 7 levels left

rFire  . . .     SeeInvis .     (no weapon)
rCold  . . .     Clarity  .     a - +0 robe
rNeg   . . .     SustAt   .     (no shield)
rPois  .         Gourm    .     (no helmet)
rElec  .         Spirit   .     (no cloak)
rCorr  .         Warding  .     (no gloves)
rMut   .         NoTele   +     (no boots)
MR     .....                    (no amulet)
Stlth  ++........               (no ring)
                                (no ring)

@: not resistant to hostile enchantments, unstealthy
A: no striking features
a: no special abilities

Inventory:

Armour
 a - a +0 robe (worn)
Scrolls
 i - a scroll of blinking
Potions
 d - a potion of curing
 e - a potion of heal wounds
 f - a potion of haste
 g - 2 potions of magic
 h - a potion of berserk rage
Books
 b - a book of Flames

   Spells                             Type                      Level
   a - Flame Tongue                   Conjuration/Fire             1
   b - Throw Flame                    Conjuration/Fire             2
   c - Conjure Flame                  Conjuration/Fire             3
   d - Inner Flame                    Hexes/Fire                   3
   e - Sticky Flame                   Conjuration/Fire             4
   f - Fireball                       Conjuration/Fire             5
Comestibles
 c - a bread ration


   Skills:
 - Level 2.4 Dodging
 - Level 2.4 Stealth
 + Level 6.2 Spellcasting
 * Level 6.6 Conjurations
 * Level 7.3 Fire Magic


You had 7 spell levels left. You knew the following spells: Your Spells Type Power Failure Level Hunger a - Flame Tongue Conj/Fire ##### 1% 1 None b - Conjure Flame Conj/Fire #####... 1% 3 #...... c - Sticky Flame Conj/Fire #####... 6% 4 ###.... You were in the Dungeon. You were not hungry. You visited 1 branch You collected 243 gold pieces. ###..## #..# .# [)% ###.##..# +..# c#▓$?)=( ##...#..# #..# h#▓(?$$) .'##.'..### ..##h#▓!?!$$ ##.###....###...##▓▓▓▓▓▓ # #.##......≈§§≈≈≈≈≈≈≈≈≈ w ##≈≈.....≈#§########+ #w#≈≈≈≈≈§≈.§≈#.h..._._#≈ ##≈≈≈§≈§≈≈§≈#..@._._.#≈ #≈≈≈≈≈≈§≈§≈≈#..._._._#≈ ≈≈≈≈≈≈≈≈≈≈≈≈≈#.._._._.#≈ +++#≈≈≈≈≈≈§§§#.⌠._._._#§ ##≈≈≈###§§#.._._._.#§ #§§#._._._..#≈ #≈≈#.._._...#§ ≈§§##########§

Notes
Turn   | Place    | Note
--------------------------------------------------------------
     0 | D        | ololoev the Deep Elf Fire Elementalist began the quest for the Orb.
     0 | D        | Reached XP level 1. HP: 10/10 MP: 6/6
     1 | D        | Noticed a brain worm
     1 | D        | Noticed a brain worm
     1 | D        | Noticed a brain worm
     1 | D        | Noticed a brain worm
     4 | D        | Noticed a boulder beetle
     4 | D        | Noticed a boulder beetle
    82 | D        | Killed Menkaure
    91 | D        | Reached skill level 4 in Fire Magic
   214 | D        | Reached XP level 2. HP: 4/15 MP: 5/9
   441 | D        | Noticed an electric eel
   443 | D        | Noticed a crocodile
   444 | D        | Noticed an electric eel
   444 | D        | Noticed an electric eel
   454 | D        | Noticed a crocodile
   572 | D        | Killed a crocodile
   572 | D        | Reached skill level 5 in Spellcasting
   572 | D        | Reached skill level 5 in Fire Magic
   572 | D        | Reached XP level 3. HP: 19/19 MP: 6/11
   577 | D        | Learned a level 3 spell: Conjure Flame
   692 | D        | Killed a crocodile
   692 | D        | Reached skill level 6 in Spellcasting
   692 | D        | Reached skill level 7 in Fire Magic
   692 | D        | Reached XP level 4. HP: 24/24 MP: 4/14
   698 | D        | Learned a level 4 spell: Sticky Flame
   704 | D        | Found a white marble altar of Elyvilon.
   704 | D        | Found a viscous altar of Jiyva.
   705 | D        | Found a burning altar of Makhleb.
   705 | D        | Found an iron altar of Okawaru.
   706 | D        | Found a glowing silver altar of Zin.
   706 | D        | Found a blossoming altar of Fedhas.
   706 | D        | Found a corrupted altar of Lugonu.
   707 | D        | Found a sparkling altar of Nemelex Xobeh.
   707 | D        | Found a stormy altar of Qazlal.
   707 | D        | Found a bloodstained altar of Trog.
   708 | D        | Found a radiant altar of Vehumet.
   708 | D        | Found a shimmering altar of Xom.
   709 | D        | Found a snail-covered altar of Cheibriados.
   710 | D        | Found a roughly hewn altar of Beogh.
   710 | D        | Found an opulent altar of Gozag.
   710 | D        | Found a sacrificial altar of Ru.
   710 | D        | Found a glowing golden altar of the Shining One.
   710 | D        | Found a basalt altar of Yredelemnul.
   710 | D        | Found a shadowy altar of Dithmenos.
   710 | D        | Noticed a wasp
   710 | D        | Noticed a polar bear
   711 | D        | Noticed a polar bear
   711 | D        | Found an ancient bone altar of Kikubaaqudgha.
   711 | D        | Found a deep blue altar of Sif Muna.
   711 | D        | Noticed a yaktaur
   712 | D        | Noticed a polar bear
   717 | D        | Slain by a polar bear

Dungeon Overview and Level Annotations

Branches:
Dungeon (1/1)

Altars:
Cheibriados
Dithmenos
Elyvilon
Fedhas
Gozag
Kikubaaqudgha
Makhleb
Nemelex Xobeh
Okawaru
Qazlal
Ru
Sif Muna
Trog
Vehumet
Xom
Yredelemnul
Zin
The Shining One
Beogh
Jiyva
Lugonu


Message History

Found an ancient bone altar of Kikubaaqudgha and a deep blue altar of Sif Muna.
A polar bear comes into view.
Found 32 gold pieces, a hunting sling and 19 sling bullets.
Casting: Flame Tongue
Confirm with . or Enter, or press ? or * to list all spells.
Aiming: Conjure Flame
Press: ? - help, Dir - move target cursor The fire roars!
Casting: Conjure Flame
Confirm with . or Enter, or press ? or * to list all spells.
Aiming: Conjure Flame
Press: ? - help, Dir - move target cursor The fire roars!
The polar bear is engulfed in roaring flames.
Casting: Conjure Flame
Confirm with . or Enter, or press ? or * to list all spells.
Aiming: Flame Tongue
Press: ? - help, Shift-Dir - straight line, f - polar bear
Aim: a polar bear (flame, moderately wounded)
The flame tongue hits the polar bear.
The polar bear appears unharmed.
The polar bear is moderately wounded.
The polar bear is engulfed in roaring flames.
The polar bear closely misses you. The polar bear claws you.
The polar bear barely misses you.
Casting: Flame Tongue
Confirm with . or Enter, or press ? or * to list all spells.
Aiming: Flame Tongue
Press: ? - help, Shift-Dir - straight line, f/p - polar bear
Aim: a polar bear (flame, moderately wounded)
The flame tongue hits the polar bear.
The polar bear appears unharmed.
The polar bear is moderately wounded.
The polar bear is engulfed in roaring flames.
The polar bear closely misses you. The polar bear barely misses you.
The polar bear barely misses you.
You hit the polar bear but do no damage.
The polar bear is heavily wounded.
The polar bear is engulfed in roaring flames.
The polar bear bites you!!
Ouch! That really hurt!
You die...

You could see a polar bear.

Vanquished Creatures
  2 crocodiles (D)
  3 worms (D)
5 creatures vanquished.

Vanquished Creatures (others)
  Menkaure (D)
1 creature vanquished.

Grand Total: 6 creatures vanquished

Action                   |  1- 3 |  4- 6 || total
-------------------------+-------+-------++-------
Melee: Unarmed           |       |     1 ||     1
 Cast: Flame Tongue      |    27 |     3 ||    30
       Conjure Flame     |     2 |     2 ||     4

Vault maps used:
D:        the_violet_keep_of_menkaure
